General information
- name: BNet
- type: Ladder 1vs1/FFA
- host: Battle.net
- saver: Yukon_Cornelone
map: LostTemple
- players: 2
- length: 40:30
- speed: Fast
- version: 1.24 W3XP
- replay type: Public
» download(106 KB)
Players
team 1 (loser)
ironman83617 (
green | 25 APM | 1021 actions | 40:28)
5 Demon Hunter
2 Immolation
3 Mana Burn
2 Priestess of the Moon
1 Trueshot Aura
1 Searing Arrows
» actions
| Build / train | 196 | |
| Enter build submenu | 44 | |
| Enter hero's abilities submenu | 7 | |
| Give item / drop item | 2 | |
| Remove unit from queue | 6 | |
| Right click | 285 | |
| Select / deselect | 372 | |
| Use ability | 109 | |
1021 total
» units
| Wisp | 86 | |
| Archer | 43 | |
| Huntress | 4 | |
| Druid of the Claw | 1 | |
| Goblin Shredder | 1 | |
| Goblin Zeppelin | 1 | |
| Mountain Giant | 2 | |
| Chimaera | 5 | |
| Hippogryph | 6 | |
149 total
» upgrades
| Strength of the Moon | 3 | |
| Moon Armor | 4 | |
| Strength of the Wild | 3 | |
| Reinforced Hides | 2 | |
| Ultravision | 1 | |
| Improved Bows | 1 | |
| Nature's Blessing | 1 | |
| Druid of the Claw Training | 2 | |
| Well Spring | 1 | |
| Hippogryph Taming | 1 | |
| Mark of the Claw | 1 | |
| Hardened Skin | 1 | |
| Resistant Skin | 1 | |
| Marksmanship | 1 | |
| Corrosive Breath | 1 | |
24 total
» buildings
| Moon Well | 16 | |
| Altar of Elders | 3 | |
| Ancient of War | 5 | |
| Hunter's Hall | 1 | |
| Tree of Life | 7 | |
| Tree of Ages | 1 | |
| Tree of Eternity | 1 | |
| Ancient of Lore | 1 | |
| Ancient of Wind | 1 | |
| Ancient of Wonders | 1 | |
| Chimaera Roost | 4 | |
| Ancient Protector | 2 | |
43 total
» build order
00:38 Moon Well
00:59 Altar of Elders
01:02 Moon Well
01:09 Ancient of War
01:42 Moon Well
02:09 Ancient of War
02:51 Hunter's Hall
03:26 Moon Well
04:48 Tree of Life
05:07 Moon Well
05:55 Tree of Ages
06:11 Moon Well
07:52 Tree of Life
09:53 Tree of Eternity
10:01 Ancient of Lore
10:09 Ancient of Wind
10:18 Ancient of Wonders
11:39 Moon Well
11:46 Moon Well
13:37 Moon Well
14:20 Moon Well
16:13 Chimaera Roost
16:20 Chimaera Roost
16:25 Moon Well
16:32 Moon Well
17:14 Ancient Protector
17:32 Chimaera Roost
18:18 Ancient Protector
21:15 Chimaera Roost
24:07 Tree of Life
27:25 Tree of Life
27:37 Tree of Life
33:00 Tree of Life
33:15 Altar of Elders
33:22 Moon Well
33:32 Ancient of War
33:43 Ancient of War
34:14 Moon Well
34:21 Moon Well
35:18 Ancient of War
35:22 Moon Well
36:47 Tree of Life
37:47 Altar of Elders
» items
| Scroll of Town Portal | 5 | |
| Orb of Venom | 1 | |
6 total
team 2 (winner)
Yukon_Cornelone (
pink | 66 APM | 2660 actions | 40:30)
8 Blademaster
3 Wind Walk
3 Critical Strike
1 Bladestorm
1 Mirror Image
5 Tauren Chieftain
2 War Stomp
3 Endurance Aura
» actions
| Assign group hotkey | 30 | |
| Basic commands | 205 | |
| Build / train | 93 | |
| ESC pressed | 3 | |
| Enter build submenu | 57 | |
| Enter hero's abilities submenu | 13 | |
| Give item / drop item | 12 | |
| Right click | 1212 | |
| Select / deselect | 502 | |
| Select group hotkey | 336 | |
| Use ability | 197 | |
2660 total
» units
| Peon | 24 | |
| Wind Rider | 2 | |
| Troll Batrider | 16 | |
| Goblin Zeppelin | 1 | |
| Goblin Shredder | 2 | |
45 total
» upgrades
| Ranged Weapons | 3 | |
| Envenomed Spears | 1 | |
| Liquid Fire | 1 | |
| Reinforced Defenses | 1 | |
| Armor | 2 | |
8 total
» buildings
| Altar of Storms | 1 | |
| Voodoo Lounge | 2 | |
| Orc Burrow | 7 | |
| War Mill | 2 | |
| Watch Tower | 41 | |
| Great Hall | 5 | |
| Stronghold | 1 | |
| Beastiary | 4 | |
| Fortress | 1 | |
64 total
» build order
00:05 Altar of Storms
00:08 Voodoo Lounge
00:18 Orc Burrow
01:02 War Mill
01:13 Voodoo Lounge
01:36 Orc Burrow
02:53 Watch Tower
02:59 Watch Tower
03:00 Watch Tower
03:22 Watch Tower
03:23 Watch Tower
04:00 Watch Tower
04:03 Watch Tower
04:32 Great Hall
04:40 Watch Tower
04:46 Watch Tower
05:00 Watch Tower
05:40 Stronghold
05:50 Watch Tower
06:11 Watch Tower
06:28 Watch Tower
06:45 Watch Tower
07:04 Orc Burrow
07:05 Orc Burrow
07:21 Orc Burrow
08:14 Beastiary
08:15 Beastiary
08:33 Watch Tower
08:36 Watch Tower
09:08 Beastiary
10:04 Fortress
12:41 Orc Burrow
12:44 Beastiary
15:19 Great Hall
15:21 Watch Tower
15:22 Watch Tower
15:23 Watch Tower
15:23 Watch Tower
16:33 Watch Tower
16:34 Watch Tower
16:34 Watch Tower
16:35 Watch Tower
16:39 Watch Tower
18:48 Orc Burrow
21:03 Watch Tower
21:04 Watch Tower
22:01 Great Hall
22:05 Watch Tower
24:04 Watch Tower
25:34 Watch Tower
25:35 Watch Tower
29:02 Great Hall
29:05 Watch Tower
29:06 Watch Tower
29:07 Watch Tower
29:53 Great Hall
31:51 War Mill
34:43 Watch Tower
34:44 Watch Tower
34:50 Watch Tower
34:51 Watch Tower
34:53 Watch Tower
37:13 Watch Tower
37:13 Watch Tower
» items
| Healing Salve | 5 | |
| Lesser Clarity Potion | 5 | |
| Scroll of Speed | 1 | |
| Periapt of Vitality | 2 | |
| Boots of Speed | 2 | |
| Scroll of Healing | 2 | |
| Staff of Teleportation | 1 | |
| Orb of Lightning | 2 | |
| Potion of Healing | 3 | |
23 total
Chat log
(34:18 / All) Yukon_Cornelone: whyd you give him siege dmg vs a hero
(37:56 / All) Yukon_Cornelone: leavin yet?
(38:02 / All) Yukon_Cornelone: "iron man"
(38:17 / All) Yukon_Cornelone: lol
(38:45 / All) Yukon_Cornelone: thx
(38:46 / All) Yukon_Cornelone: more exp
(39:20 / All) Yukon_Cornelone: leave